 Dungeon Crawl Stone Soup version 0.31-a0-355-g57cb03d3e8 (webtiles) character file.

Game seed: 2289366002742539707

30 hashsling the Conjurer (level 3, 19/19 HPs)
             Began as a Tengu Conjurer on July 25, 2023.
             Got out of the dungeon alive.
             The game lasted 00:01:46 (1262 turns).

hashsling the Conjurer (Tengu Conjurer)             Turns: 1262, Time: 00:01:46

Health: 19/19      AC:  2    Str:  7    XL:     3   Next: 18%
Magic:  7/7        EV: 12    Int: 20    God:
Gold:   58         SH:  0    Dex: 12    Spells: 5/6 levels left

rFire   . . .        g - +0 falchion
rCold   . . .        (no shield)
rNeg    . . .        a - +0 robe
rPois   .            (helmet restricted)
rElec   .            (no cloak)
rCorr   .            (no gloves)
SInv    .            (boots unavailable)
Will    .....        (no amulet)
Stlth   ++           (no ring)
HPRegen 0.23/turn    (no ring)
MPRegen 0.10/turn

%: no passive effects
@: no status effects
A: beak, talons 3
a: no special abilities


You escaped.
You visited 1 branch of the dungeon, and saw 1 of its levels.

You collected 58 gold pieces.

Inventory:

Hand Weapons
 c - a +0 dagger
 g - a +0 falchion (weapon)
Armour
 a - a +0 robe (worn)
Scrolls
 e - a scroll of amnesia {unknown}
Potions
 b - a potion of magic
 d - 3 potions of enlightenment {unknown}
 f - a potion of degeneration {unknown}
 h - a potion of mutation {unknown}


   Skills:
 + Level 2.7 Dodging
 + Level 2.5 Stealth
 + Level 2.3 Spellcasting
 + Level 5.6 Conjurations


You had 5 spell levels left.
You knew the following spells:

 Your Spells              Type           Power      Damage    Failure   Level
a - Magic Dart            Conj           100%       1d8       1%          1

Your spell library contained the following spells:

 Spells                   Type           Power      Damage    Failure   Level
 Searing Ray              Conj           50%        2d6       2%          2
 Dazzling Flash           Conj/Hex       26%        N/A       14%         3
 Fulminant Prism          Conj/Hex       6%         3d7       43%         4
 Iskenderun's Mystic Bla  Conj/Tloc      13%        2d5       43%         4


Dungeon Overview and Level Annotations

Branches:
Dungeon (1/15)

Altars:


Innate Abilities, Weirdness & Mutations

You have a beak for a mouth.
You have claws for feet.


Message History

Found a pair of boots.
You now have 58 gold pieces (gained 8).
An endoplasm comes into view.
The endoplasm quivers.
The magic dart hits the endoplasm.
The endoplasm is almost dead.
The magic dart hits the endoplasm.
You kill the endoplasm!
Found a club.
Found a chain mail.
A bat comes into view.
The magic dart hits the bat but does no damage.
The magic dart hits the bat!
You kill the bat!
d - 3 viscous orange potions (gained 1) As you open the door, it creaks loudly!
A bat comes into view.
The bat misses you.
The magic dart hits the bat.
You kill the bat!
There is an open door here.
There is an open door here.
You open the door.
There is a staircase leading out of the dungeon here.
There is an open door here.
There is an open door here.
There is an open door here.
There is an open door here.
You see here a +0 club.
You open the door.
There is an open door here.
Done exploring.
You open the door.
There is an open door here.
There is an open door here.
There is a staircase leading out of the dungeon here.
Are you sure you want to leave the Dungeon?
This will make you lose the game! [Y]es or [N]o only, please.
Are you sure you want to leave the Dungeon?
This will make you lose the game!
You have escaped!

#.........#.##.##.#.#####.#.##
#........#..............#.#.#
#...####.#####.##..####.#.#.##
##### #.......##..#........#.
####.....#.....#.....#.
####.8....#.......#..#.
#≈§≈.......#.####.#..#.
#≈§≈§........# #.#....
#>≈≈≈.@8..8..# #.#.##.
#≈≈≈≈.......## #.#....
#≈≈≈.......## #.####.
####.8....## #.# ## #.....##
##.##### ####.## #....... #.#
#....... ########### #.###
#....... #.........# #...#
#.......


There were no monsters in sight!

Vanquished Creatures
  A dart slug (D:1)
  2 endoplasms (D:1)
  5 giant cockroaches (D:1)
  3 goblins (D:1)
  A hobgoblin (D:1)
  3 jackals (D:1)
  A ball python (D:1)
  3 bats (D:1)
  3 frilled lizards (D:1)
  3 rats (D:1)
25 creatures vanquished.

Notes
Turn   | Place    | Note
-------+----------+-------------------------------------------
     0 | D:1      | hashsling the Tengu Conjurer began the quest for the Orb.
     0 | D:1      | Reached XP level 1. HP: 10/10 MP: 4/4
   216 | D:1      | Reached XP level 2. HP: 15/15 MP: 4/6
   807 | D:1      | Reached XP level 3. HP: 19/19 MP: 3/7
  1262 | D:$      | Got out of the dungeon alive.

Illustrated notes

Levels and vault maps discovered:
D:1:      grunt_arrival_lava_bath, layout_basic, minmay_box_of_dots

Action                     || total
---------------------------++-------
  Melee: Dagger            ||    11
         Kick              ||     4
         Falchion          ||     2
   Cast: Magic Dart        ||    38
   Stab: Sleeping          ||     1
 Armour: Robe              ||     5
  Dodge: Dodged            ||     7

Table legend: (Time is in decaauts)
 A = Elapsed time spent in this place.
 B = Non-inter-level travel time spent in this place.
 C = Inter-level travel time spent in this place.
 D = Time resting spent in this place.
 E = Time spent auto-exploring this place.
 F = Levels seen in this place.
 G = Mean time per level.
                   A        B        C        D        E       F      G
               +--------+--------+--------+--------+--------+-----+--------+
         Total |   1261 |   1192 |     69 |      0 |   1088 |   1 | 1261.0 |
       Dungeon |   1261 |   1192 |     69 |      0 |   1088 |   1 | 1261.0 |
               +--------+--------+--------+--------+--------+-----+--------+

Top non-repeatable levels by time:
     D:1: 1261 daAuts
